Map: Terrasses de Prion

Players

Worming - Winner!

  • Race: Zerg Zerg
  • League: Diamond

sandalyatorr

  • Race: Zerg Zerg
  • League: Gold

VOD

Have the link to the VOD?

Description

Time

  • Played on: Nov. 15, 2015, 8:35 a.m.
  • Length: 7:41
Show
View Real Time Build Order
Export as new Build Order

Worming Zerg - Winner!

Build Orders: Pool First 

Get SALT Encoding   

  12  0:01  Drone  
  13  0:12  Overlord  
  13  0:17  Drone  
  14  0:30  Drone x2  
  14  0:34  Drone  
  17  0:44  Spawning Pool  
  17  0:48  Drone  
  17  0:56  Drone  
  18  1:16  Hatchery, Extractor  
  18  1:17  Drone  
  17  1:25  Overlord  
  17  1:34  Queen  
  19  1:43  Zergling x4  
  21  1:49  Drone  
  22  2:00  Drone  
  23  2:10  Queen  
  23  2:11  Drone  
  26  2:19  Metabolic Boost  
  26  2:21  Drone  
  27  2:28  Queen  
  29  2:33  Overlord  
  29  2:34  Drone  
  30  2:57  Drone x2  
  32  2:58  Drone  
  32  3:00  Hatchery  
  31  3:17  Overlord  
  31  3:18  Zergling x10  
  36  3:21  Drone  
  37  3:28  Lair  
  37  3:37  Drone x2  
  37  3:38  Spine Crawler  
  37  3:40  Zergling x2  
  36  3:56  Zergling x4  
  36  3:57  Zergling x2  
  36  4:01  Roach Warren  
  38  4:05  Zergling x8  
  42  4:10  Overlord  
  42  4:36  Drone x4  
  42  4:37  Drone x6  
  51  4:42  Evolution Chamber  
  50  4:57  Drone x5  
  50  4:58  Overlord x2  
  55  5:09  Glial Reconstitution  
  55  5:10  Zerg Missile Weapons Level 1  
  55  5:14  Extractor  
  54  5:15  Extractor  
  54  5:16  Drone x3  
  54  5:17  Drone, Extractor  
  54  5:18  Drone x3  
  59  5:26  Drone x2  
  59  5:27  Drone x2  
  63  5:28  Drone  
  63  5:31  Overlord x2  
  64  5:36  Overseer  
  64  5:37  Overlord  
  64  5:40  Overlord  
  64  5:41  Roach x2  
  68  5:45  Extractor  
  67  5:53  Drone x2  
  67  5:56  Drone x2  
  67  5:57  Drone, Roach  
  72  5:58  Roach x3  
  79  6:13  Roach  
  79  6:14  Roach x8  
  79  6:18  Queen  
  97  6:24  Drone  
  100  6:25  Drone  
  100  6:29  Ravager  
  100  6:30  Ravager  
  103  6:35  Ravager  
  103  6:36  Ravager x2  
  106  6:41  Drone, Extractor  
  106  6:42  Drone x3  
  106  6:45  Roach  
  106  6:46  Roach  
  113  6:49  Overlord x3  
  113  6:52  Ravager  
  114  6:55  Hatchery  
  113  7:03  Hydralisk Den  
Show
View Real Time Build Order
Export as new Build Order

sandalyatorr Zerg 

Build Orders: Pool First 

Get SALT Encoding   

  12  0:01  Drone  
  13  0:10  Drone  
  14  0:17  Overlord  
  14  0:35  Drone x2  
  16  0:42  Spawning Pool  
  15  0:44  Drone  
  16  0:58  Drone  
  17  1:11  Hatchery  
  17  1:18  Drone x2, Extractor  
  17  1:30  Drone  
  18  1:35  Roach Warren  
  17  1:49  Queen  
  17  1:51  Overlord  
  19  1:59  Drone  
  20  2:12  Zergling x2  
  21  2:16  Roach  
  23  2:23  Roach  
  23  2:27  Queen  
  27  2:48  Drone  
  27  2:50  Roach x2  
  33  2:51  Drone x2  
  34  3:00  Drone  
  34  3:05  Extractor  
  33  3:23  Lair  
  33  3:32  Drone x2  
  33  3:33  Overlord  
  35  3:41  Drone  
  36  3:42  Overlord  
  35  3:59  Roach  
  35  4:00  Drone x6  
  43  4:10  Drone x2  
  45  4:21  Roach x2  
  49  4:28  Overlord x2  
  49  4:44  Spore Crawler  
  48  4:47  Spore Crawler  
  48  4:51  Drone, Hydralisk Den  
  48  4:52  Drone x5  
  52  4:59  Drone x2  
  54  5:03  Glial Reconstitution  
  56  5:07  Roach  
  56  5:12  Overlord  
  56  5:14  Drone x2  
  56  5:18  Extractor x2  
  56  5:19  Drone  
  57  5:24  Drone  
  58  5:30  Spore Crawler  
  58  5:34  Muscular Augments  
  58  5:35  Spore Crawler  
  56  5:38  Drone x2  
  56  5:39  Drone x5  
  56  5:40  Drone  
  64  5:55  Hydralisk x2  
  68  6:06  Overlord x2  
  68  6:25  Hydralisk  
  68  6:26  Hydralisk x2  
  68  6:28  Hatchery  
  73  6:32  Hydralisk  
  73  6:33  Hydralisk  
  73  6:34  Overlord  
  73  6:38  Hydralisk x3  
  83  6:43  Drone  
  84  6:56  Hydralisk x4  
  84  7:12  Roach x5  
  84  7:13  Roach  
Tags
 
Add a new tag
Caveats
  • Supply blocks, unpowered buildings, or Contaminate may cause inaccurate times.
  • Supply counts are checked every 10 seconds.